 Dungeon Crawl Stone Soup version 0.27-a0-1187-ge80a49f48c (webtiles) character file.

Game seed: 15860514315644367446

85 Conn the Skirmisher (level 4, -2/46 HPs)
             Began as an Ogre Wanderer on May 20, 2021.
             Slain by an orc
             ... wielding a +0 flail
              (7 damage)
             ... on level 2 of the Dungeon.
             The game lasted 00:05:40 (2332 turns).

Conn the Skirmisher (Ogre Wanderer)                 Turns: 2332, Time: 00:05:41

Health: -2/46      AC:  3    Str: 15    XL:     4   Next: 48%
Magic:  5/7        EV:  9    Int: 17    God:
Gold:   44         SH:  0    Dex:  6    Spells: 4/8 levels left

rFire    . . .     SeeInvis .   a - +2 dagger
rCold    . . .     Faith    .   (no shield)
rNeg     . . .     Spirit   .   e - +0 robe
rPois    .         Reflect  .   (helmet restricted)
rElec    .         Harm     .   (no cloak)
rCorr    .         Rampage  .   (gloves unavailable)
Will     .....                  (boots unavailable)
Stlth    +.........             (no amulet)
HPRegen  0.15/turn              (no ring)
MPRegen  0.10/turn              (no ring)

@: attractive
A: large, unfitting armour, tough skin 1
a: no special abilities


You were on level 2 of the Dungeon.
You visited 1 branch of the dungeon, and saw 2 of its levels.

You collected 44 gold pieces.

Inventory:

Hand Weapons
 a - a +2 dagger (weapon)
Missiles
 b - 2 curare-tipped darts (quivered)
 j - 12 stones
Armour
 e - a +0 robe (worn)
Scrolls
 c - a scroll of magic mapping {unknown}
 g - a scroll of teleportation {unknown}
 h - a scroll of fear {unknown}
 i - a scroll of identify {unknown}
Potions
 f - a potion of flight {unknown}


   Skills:
 + Level 3.6 Fighting
 + Level 0.9 Short Blades
 + Level 2.4 Throwing
 + Level 1.6 Dodging
 + Level 0.1 Stealth
 + Level 2.5 Spellcasting
 + Level 1.8 Hexes
 * Level 1.8 Translocations
 * Level 0.8 Earth Magic


You had 4 spell levels left.
You knew the following spells:

 Your Spells              Type           Power      Damage    Failure   Level
a - Sandblast             Erth           10%        2d5       13%         1
b - Teleport Other        Tloc           8%         N/A       26%         3

Your spell library contained the following spells:

 Spells                   Type           Power      Damage    Failure   Level
 Apportation              Tloc           16%        N/A       9%          1
 Stone Arrow              Conj/Erth      6%         3d7       41%         3


Dungeon Overview and Level Annotations

Branches:
Dungeon (2/15)

Altars:


Innate Abilities, Weirdness & Mutations

You are too large for most types of armour.
You have tough skin. (AC +1)


Message History

The blast of sand hits the orc!
You kill the orc!
j - 14 stones
Casting: Sandblast (safe; 13% risk of failure)
Confirm with . or Enter, or press ? or * to list all spells.
Aiming: Sandblast (safe; 13% risk of failure)
Press: ? - help, Shift-Dir - straight line, f - orc
Aim: an orc, wielding a +0 mace and wearing a +0 leather armour (78% to hit)
The blast of sand hits the orc.
The orc is lightly wounded.
j - 13 stones
Casting: Sandblast (safe; 13% risk of failure)
Confirm with . or Enter, or press ? or * to list all spells.
Aiming: Sandblast (safe; 13% risk of failure)
Press: ? - help, Shift-Dir - straight line, f/p - orc
Aim: an orc, wielding a +0 mace and wearing a +0 leather armour (lightly wounded, 78% to hit)
The blast of sand hits the orc.
The orc is severely wounded.
j - 12 stones You hit the orc but do no damage.
The orc is severely wounded.
The orc hits you with a +0 mace!
You closely miss the orc.
The orc is severely wounded.
The orc hits you with a +0 mace.
You closely miss the orc.
The orc is heavily wounded.
The orc completely misses you.
You closely miss the orc.
The orc is heavily wounded.
The orc hits you with a +0 mace.
You barely miss the orc. The orc hits you with a +0 flail.
* * * LOW HITPOINT WARNING * * *
You hit the orc but do no damage. The orc barely misses you.
You hit the orc but do no damage. The orc hits you with a +0 flail!
* * * LOW HITPOINT WARNING * * *
It was a potion of attraction.
You feel attractive to monsters. The orc hits you with a +0 flail!
You die...

...........# #....##...#
.>.........+ +....+'...+
...........###....##.[.#
..####..†..##...).o'...+
..####.....##.######...####
..............##........!...
..............+.oo..........
.......##.....##o#..........
#+######..o...##@#..........
.......#...##.##.#######....
.........†.##.##+## ....
...........##.....#. ...
.......)............
$......#............
.......#............
.......###..........
......J+ +..........


You could see 3 orcs.

Vanquished Creatures
  An orc priest (D:2)
  An adder (D:2)
  A dart slug (D:1)
  An orc (D:2)
  4 endoplasms
  3 giant cockroaches (D:1)
  3 goblins (D:1)
  4 hobgoblins (D:1)
  2 jackals (D:1)
  2 quokkas (D:1)
  8 ball pythons
  4 bats
  2 frilled lizards (D:1)
  4 kobolds (D:1)
  2 rats (D:1)
  A bush (D:1)
43 creatures vanquished.

Vanquished Creatures (others)
  4 plants (D:1)
4 creatures vanquished.

Grand Total: 47 creatures vanquished

Notes
Turn   | Place    | Note
-------+----------+-------------------------------------------
     0 | D:1      | Conn the Ogre Wanderer began the quest for the Orb.
     0 | D:1      | Conn set off with the following items: a +2 dagger, 2
                  | curare-tipped darts, a +0 robe; and the following spells
                  | available to memorise: Apportation, Sandblast, Teleport
                  | Other, Stone Arrow
     0 | D:1      | Reached XP level 1. HP: 22/22 MP: 3/3
     2 | D:1      | Learned a level 1 spell: Sandblast
    46 | D:1      | Found a faded altar of an unknown god.
   251 | D:1      | Reached skill level 3 in Fighting
   375 | D:1      | Reached XP level 2. HP: 31/31 MP: 5/5
   678 | D:1      | Reached XP level 3. HP: 20/37 MP: 6/6
   685 | D:1      | Learned a level 3 spell: Teleport Other
  2276 | D:2      | Reached XP level 4. HP: 33/46 MP: 7/7
  2332 | D:2      | Slain by an orc

Illustrated notes

Levels and vault maps discovered:
D:1:      minmay_arrival_three_doors, layout_basic,
          ebering_ecumenical_altar_webs, serial_forest,
          infiniplex_forest_lined_room_3, infiniplex_forest_clump_cross,
          infiniplex_forest_3_way, infiniplex_forest_straight_2,
          infiniplex_forest_clump_medium, infiniplex_forest_zigzag_2,
          infiniplex_forest_clump_cross, infiniplex_forest_clump_tiny
D:2:      layout_basic, mrwooster_statue_mirror

Skill      XL: |  1 |
---------------+----+-----
Fighting       | 3 |  3.6
Short Blades   | |  0.9
Throwing       | |  2.4
Dodging        | |  1.6
Stealth        | |  0.1
Spellcasting   | |  2.5
Hexes          | |  1.8
Translocations | |  1.8
Earth Magic    | |  0.8

Action                   |  1- 3 |  4- 6 || total
-------------------------+-------+-------++-------
Melee: Dagger            |   409 |    12 ||   421
Throw: Dart              |     3 |       ||     3
 Cast: Sandblast         |       |     3 ||     3
  Use: Potion            |       |     1 ||     1
Armor: Robe              |    68 |       ||    68
Dodge: Dodged            |    77 |     4 ||    81

Table legend: (Time is in decaauts)
 A = Elapsed time spent in this place.
 B = Non-inter-level travel time spent in this place.
 C = Inter-level travel time spent in this place.
 D = Time resting spent in this place.
 E = Time spent auto-exploring this place.
 F = Levels seen in this place.
 G = Mean time per level.
                   A        B        C        D        E       F      G
               +--------+--------+--------+--------+--------+-----+--------+
         Total |   2325 |   2244 |     81 |      0 |   1489 |   2 | 1162.5 |
       Dungeon |   2325 |   2244 |     81 |      0 |   1489 |   2 | 1162.5 |
               +--------+--------+--------+--------+--------+-----+--------+

Top non-repeatable levels by time:
     D:1: 2158 daAuts
     D:2: 167 daAuts
